 Dungeon Crawl Stone Soup version 0.30-a0-414-gcb316572d5 (webtiles) character file.

Game seed: 2993401058099605822

64 lunkers the Cudgeller (level 4, -1/36 HPs)
             Began as a Meteoran Reaver on Dec 8, 2022.
             Killed from afar by a white imp (5 damage)
             ... with a puff of frost
             ... on level 4 of the Dungeon.
             The game lasted 00:03:44 (743 turns).

lunkers the Cudgeller (Meteoran Reaver)              Turns: 743, Time: 00:03:44

Health: -1/36      AC:  5    Str: 15    XL:     4   Next: 58%
Magic:  9/9        EV: 11    Int: 15    God:
Gold:   50         SH:  4    Dex: 18    Spells: 7/8 levels left

rFire   . . .      SeeInvis .    a - +0 mace
rCold   . . .      Faith    .    n - +0 buckler
rNeg    . . .      Spirit   .    c - +0 ring mail
rPois   .          Reflect  .    (no helmet)
rElec   .          Harm     .    (no cloak)
rCorr   .          Rampage  .    (no gloves)
Will    +....                    (no boots)
Stlth   +.........               r - amulet of the acrobat
HPRegen 0.26/turn                d - +6 ring of dexterity
MPRegen 0.11/turn                m - ring of willpower

@: about to teleport, glowing
A: sense surroundings 1, otherworldly, glowing, explore regen
a: no special abilities


You were on level 4 of the Dungeon.
You visited 1 branch of the dungeon, and saw 4 of its levels.

You collected 50 gold pieces.

Inventory:

Hand Weapons
 a - a +0 mace (weapon)
Missiles
 q - 3 silver javelins
Armour
 b - a +0 leather armour
 c - a +0 ring mail (worn)
 n - a +0 buckler (worn)
Jewellery
 d - a +6 ring of dexterity (left hand)
 m - a ring of willpower (right hand)
 r - an amulet of the acrobat (around neck)
Scrolls
 f - a scroll of enchant armour {unknown}
 h - 2 scrolls of identify
 j - a scroll of noise {unknown}
 l - 2 scrolls of teleportation
 p - a scroll of magic mapping {unknown}
Potions
 e - a potion of might {unknown}
 g - 2 potions of ambrosia
 i - a potion of brilliance {unknown}
 k - a potion of lignification {unknown}
 o - a potion of flight {unknown}


   Skills:
 - Level 2.1 Fighting
 + Level 6.4 Maces & Flails
 - Level 2.4 Dodging
 - Level 2.6 Spellcasting
 - Level 3.6 Conjurations


You had 7 spell levels left.
You knew the following spells:

 Your Spells              Type           Power      Damage    Failure   Level
p - Kiss of Death         Conj/Necr      28%        2d7       28%         1

Your spell library contained the following spells:

 Spells                   Type           Power      Damage    Failure   Level
 Magic Dart               Conj           48%        1d5       13%         1
 Searing Ray              Conj           24%        2d5       21%         2
 Momentum Strike          Conj/Tloc      14%        3d8       38%         2
 Hailstorm                Conj/Ice       7%         3d4       63%         3
 Fulminant Prism          Conj/Hex       3%         3d5       95%         4


Dungeon Overview and Level Annotations

Branches:
Dungeon (4/15) Zot: 1641
 Temple: D:4-7

Altars:


Innate Abilities, Weirdness & Mutations

You passively map a small area around you.
You are easily found by Zot.
You glow in the dark.
You regain HP and MP as you explore.


Message History

You hit the white imp but do no damage.
The white imp hits you but does no damage.
A white imp comes into view.
The white imp gestures at you. The puff of frost hits you!
You hit the white imp but do no damage. The white imp gestures at you.
The puff of frost hits you!
* * * LOW HITPOINT WARNING * * *
The white imp gestures at you. You block the puff of frost.
The white imp hits you but does no damage.
The white imp attacks as you move away! The white imp hits you.
* * * LOW HITPOINT WARNING * * *
The white imp freezes you.
* * * LOW HITPOINT WARNING * * *
The white imp attacks as you move away!
The white imp hits you but does no damage.
The white imp attacks as you move away! The white imp misses you.
The white imp attacks as you move away!
The white imp hits you but does no damage.
The white imp gestures at you. The puff of frost hits you!
* * * LOW HITPOINT WARNING * * *
The white imp gestures at you. The puff of frost hits you.
* * * LOW HITPOINT WARNING * * *
You aren't carrying any items that you can evoke.
Okay, then.
As you read the scroll labelled GAQIGUZONN, it crumbles to dust.
It is a scroll of identify.
g - 2 potions of ambrosia
As you read the scroll labelled CISTRYSTRUIGO, it crumbles to dust.
You feel strangely unstable.
It was a scroll of teleportation.
The white imp hits you but does no damage.
You sock the white imp!
The white imp is severely wounded.
The white imp gestures at you. The puff of frost hits you.
You die...

#...... ,....#..#......♣. ,
###......####..##..##......♣
......#....##..##..###....♣ ,
......#.#.†.#.##.......<..♣♣
,........#...................
,
....$..5#55##...............
......55..n5.........#.....#
,
,......$...#55........#####.#
........###@####........####
*
........#*#####≈≈.....≈≈≈###
...!..... , *#.≈≈..≈≈))...≈≈
#.....§§§. ,.........≈≈.....
#.....§§...##....≈.......≈≈≈
##....§§§...#........≈≈.....
#.#......#....≈≈..≈≈.....≈≈
###.....##....≈≈.....≈≈≈###
.############


You could see a necrophage, 4 white imps and a shadow imp.

Vanquished Creatures
  2 adders
  2 worms
  A dart slug (D:2)
  4 ball pythons
  3 bats
  4 endoplasms
  5 goblins
  4 hobgoblins
  4 kobolds
  A quokka (D:2)
  2 frilled lizards
  5 rats
37 creatures vanquished.

Notes
Turn   | Place    | Note
-------+----------+-------------------------------------------
     0 | D:1      | lunkers the Meteoran Reaver began the quest for the Orb.
     0 | D:1      | Reached XP level 1. HP: 17/17 MP: 5/5
    27 | D:1      | Reached XP level 2. HP: 17/24 MP: 6/6
   161 | D:1      | Reached skill level 5 in Maces & Flails
   209 | D:1      | Reached XP level 3. HP: 28/29 MP: 8/8
   457 | D:2      | Reached skill level 6 in Maces & Flails
   457 | D:2      | Reached XP level 4. HP: 30/36 MP: 9/9
   732 | D:4      | Noticed a necrophage
   743 | D:4      | Killed from afar by a white imp

Illustrated notes

Levels and vault maps discovered:
D:1:      nicolae_arrival_memento_mori, layout_loops_ring, columned_hall_lemuel,
          hangedman_decor_push, serial_park_tiny_2, serial_bayou_pond_b,
          hangedman_decor_peaks_small
D:2:      layout_rooms
D:3:      layout_rooms, supply_closet_lemuel, kennysheep_generic_room_10
D:4:      layout_cave_pools, nicolae_uskayaw_suspiria,
          mainiacjoe_overflow_small_starburst, serial_demonic, serial_demonic_f,
          serial_demonic_g, serial_demonic_c, serial_demonic_a,
          serial_demonic_a, serial_demonic_g, serial_demonic_d, serial_shops,
          shop, nicolae_shop_trees, kennysheep_little_box, shop,
          uniq_crazy_yiuf_cottage

Skill      XL: |  1  2  3 |
---------------+----------+-----
Maces & Flails | 5 6 |  6.4
Fighting       | |  2.1
Dodging        | |  2.4
Spellcasting   | |  2.6
Conjurations   | |  3.6

Action                   |  1- 3 |  4- 6 || total
-------------------------+-------+-------++-------
Melee: Mace              |    85 |    35 ||   120
       Punch             |     1 |     1 ||     2
  Use: Scroll            |       |     2 ||     2
Armor: Leather armour    |     2 |       ||     2
       Ring mail         |    33 |    19 ||    52
Dodge: Dodged            |    32 |    21 ||    53
Block: Buckler           |       |     3 ||     3

Table legend: (Time is in decaauts)
 A = Elapsed time spent in this place.
 B = Non-inter-level travel time spent in this place.
 C = Inter-level travel time spent in this place.
 D = Time resting spent in this place.
 E = Time spent auto-exploring this place.
 F = Levels seen in this place.
 G = Mean time per level.
                   A        B        C        D        E       F      G
               +--------+--------+--------+--------+--------+-----+--------+
         Total |    757 |    755 |      2 |      0 |    432 |   4 |  189.2 |
       Dungeon |    757 |    755 |      2 |      0 |    432 |   4 |  189.2 |
               +--------+--------+--------+--------+--------+-----+--------+

Top non-repeatable levels by time:
     D:2: 273 daAuts
     D:1: 229 daAuts
     D:3: 200 daAuts
     D:4: 54 daAuts
